AoeStats
← Wren

Four Lakes

509610836Analyzed
1v1 RM · 3d ago on Sep 27, 2026· 22m 16s· 2 players
Game mode
Random Map
Map size
Tiny (2 player)
Population
200
Speed
Normal
Resources
Standard
Victory
Conquest
Starting age
Dark Age
Ending age
Imperial Age
RankedLock teamsTeams togetherTeam positionsShared explorationLock speedFull tech treeHidden civsTurbo modeCheats
Victory
Defeat
🇷🇴 Byzantines · Romania
925
+14
🇬🇧 Italians · United Kingdom
892
-14
mihaimunti7
5:35 Loom
11:21 Feudal Age
11:46 Double-Bit Axe
11:45 Horse Collar
16:31 Castle Age
15:58 Scale Barding Armor
17:18 Husbandry
17:33 Forging
18:25 Bow Saw
21:49 Wheelbarrow
21:07 Gold Mining
Wren
4:33 Loom
11:05 Feudal Age
11:31 Double-Bit Axe
11:29 Horse Collar
12:55 Wheelbarrow
13:54 Fishing Lines
15:33 Gold Mining
20:55 Castle Age
18:56 Fletching
20:45 Forging
21:28 Scale Mail Armor
21:02 Pikeman
21:06 Crossbowman
22:18 Hand Cart
Connection lost

Rejoining the realm…

Still unreachable

The connection could not be restored.

Session expired

The server has moved on; the page needs a fresh start.